 Dungeon Crawl Stone Soup version 0.30-a0-760-g5a9884bb7c (webtiles) character file.

Game seed: 1830781612453785789

21369 Ge0ff the Cleaver (level 12, -3/113 HPs)
             Began as a Minotaur Warper on Feb 11, 2023.
             Was an Initiate of Gozag.
             Slain by a skyshark (21 damage)
             ... on level 3 of the Lair of Beasts.
             The game lasted 00:28:26 (12864 turns).

Ge0ff the Cleaver (Minotaur Warper)                Turns: 12864, Time: 00:28:27

Health: -3/113     AC: 27    Str: 20    XL:     12   Next: 53%
Magic:  13/13      EV:  4    Int: 10    God:    Gozag
Gold:   618        SH: 10    Dex: 11    Spells: 11/13 levels left

rFire   + . .      SeeInvis +    b - +1 war axe (flame)
rCold   + . .      Faith    .    Y - +0 kite shield
rNeg    . . .      Spirit   .    s - +4 gold dragon scales
rPois   +          Reflect  .    (helmet restricted)
rElec   .          Harm     .    v - +0 cloak
rCorr   .          Rampage  .    P - +1 pair of gloves
Will    +....                    Q - +0 pair of boots {Fly} Stlth
                                 M - amulet of regeneration
HPRegen 1.18/turn                r - ring of willpower
MPRegen 0.13/turn                z - ring of see invisible {=R}

@: flying, hasted, studying Dodging, very quick
A: horns 2, retaliatory headbutt
a: Renounce Religion, Potion Petition, Call Merchant, Bribe Branch


You were on level 3 of the Lair of Beasts.
You worshipped Gozag.
Gozag was pleased with you.
You visited 2 branches of the dungeon, and saw 14 of its levels.
You also visited: Sewer.

You collected 3502 gold pieces.
You spent 2353 gold pieces at shops.
You paid 531 gold pieces to Gozag.

Inventory:

Hand Weapons
 a - a +0 war axe of venom
 b - a +1 war axe of flaming (weapon)
 h - a +3 trident of protection
 t - a +0 hand axe of holy wrath
 S - a +1 flail of draining
 Z - a +0 heavy battleaxe
Missiles
 g - a throwing net {=F}
 U - 34 poisoned darts (quivered)
 W - 3 atropa-tipped darts
Armour
 s - +4 gold dragon scales (worn)
 v - a +0 cloak (worn)
 D - a scarf of harm
 P - a +1 pair of gloves (worn)
 Q - a +0 pair of boots of flying (worn)
 Y - a +0 kite shield (worn)
Jewellery
 r - a ring of willpower (left hand)
 u - an amulet of reflection
 w - a ring of resist corrosion
 x - a ring of positive energy
 z - a ring of see invisible (right hand) {=R}
 M - an amulet of regeneration (around neck)
Wands
 d - a wand of digging (10)
 e - a wand of charming (5)
 f - a wand of flame (36)
 j - a wand of acid (3)
Scrolls
 i - a scroll of identify
 m - 4 scrolls of magic mapping
 y - 3 scrolls of immolation
 B - a scroll of blinking
 C - a scroll of poison
 E - 3 scrolls of fear
 F - 2 scrolls of fog
 G - a scroll of enchant armour
 O - a scroll of enchant weapon
 T - 9 scrolls of teleportation
 V - a scroll of vulnerability
Potions
 o - 4 potions of ambrosia
 q - 5 potions of curing
 A - a potion of attraction
 H - 4 potions of haste {!q}
 I - a potion of invisibility
 K - a potion of magic {!q}
 L - a potion of lignification
 N - a potion of cancellation {!q}
 R - 2 potions of resistance
 X - 4 potions of flight
Miscellaneous
 J - a piece from Xom's chessboard (15/15)


   Skills:
 + Level 12.7 Fighting
 - Level 14.5 Axes
 - Level 1.0 Throwing
 + Level 10.6 Armour
 - Level 6.8 Dodging
 - Level 9.8 Shields
 - Level 1.3 Spellcasting
 - Level 2.1 Translocations
 - Level 5.0 Evocations


You had 11 spell levels left.
You knew the following spells:

 Your Spells              Type           Power      Damage    Failure   Level
B - Blink                 Tloc           10%        N/A       100%        2

Your spell library contained the following spells:

 Spells                   Type           Power      Damage    Failure   Level
 Beastly Appendage        Tmut           0%         N/A       100%        1
 Cigotuvi's Dreadful Rot  Necr/Pois/Air  0%         N/A       100%        2
 Lesser Beckoning         Tloc           10%        N/A       100%        2
 Wereblood                Tmut           0%         N/A       100%        2
 Call Canine Familiar     Summ           0%         N/A       100%        3
 Dazzling Flash           Conj/Hex       0%         N/A       100%        3
 Gell's Gravitas          Tloc           5%         N/A       100%        3
 Kindle Blastsparks       Fire/Tloc/Air  4%         2d10      100%        3
 Ozocubu's Armour         Ice            0%         N/A       100%        3
 Portal Projectile        Hex/Tloc       4%         N/A       100%        3
 Spider Form              Tmut/Pois      0%         N/A       100%        3
 Teleport Other           Tloc           5%         N/A       100%        3
 Tukima's Dance           Hex            0%         N/A       100%        3
 Vhi's Electric Charge    Tloc/Air       4%         N/A       100%        3
 Iskenderun's Mystic Bla  Conj/Tloc      2%         2d3       100%        4
 Leda's Liquefaction      Hex/Erth       0%         N/A       100%        4
 Manifold Assault         Tloc           5%         N/A       100%        4
 Petrify                  Tmut/Erth      0%         N/A       100%        4
 Agony                    Necr           0%         N/A       100%        5
 Blade Hands              Tmut           0%         N/A       100%        5
 Metabolic Englaciation   Hex/Ice        0%         N/A       100%        5
 Silence                  Hex/Air        0%         N/A       100%        5
 Summon Forest            Summ/Tloc      1%         N/A       100%        5
 Dispersal                Tloc           2%         N/A       100%        6
 Eringya's Noxious Bog    Tmut/Pois      0%         N/A       100%        6
 Starburst                Conj/Fire      0%         6d3       100%        6
 Statue Form              Tmut/Erth      0%         N/A       100%        6
 Summon Hydra             Summ           0%         N/A       100%        7
 Fire Storm               Conj/Fire      0%         5d1       100%        9
 Simulacrum               Ice/Necr       Unusable   N/A       N/A         6

Dungeon Overview and Level Annotations

Branches:
Dungeon (11/15) Zot: 25533  Temple (0/1) D:5            Lair (3/5) D:8 Zot: 16587
 Shoals (0/4) Lair:2          Orc (0/2) D:10          Sewer (visited)
  Snake: Lair:2-3    Spider: Lair:2-3

Altars:
Ashenzari
Cheibriados
Elyvilon
Fedhas
Gozag
Hepliaklqana
Nemelex Xobeh
Okawaru
Qazlal
Ru
Sif Muna
Trog
Uskayaw
Vehumet
Wu Jian
Zin

Shops:
D:1 ??([   D:6 [


Innate Abilities, Weirdness & Mutations

You have a pair of horns on your head.
You reflexively headbutt those who attack you in melee.


Message History

* * * LOW HITPOINT WARNING * * *
The skyshark tail-slaps you but does no damage.
You feel better.
The skyshark is engulfed in poison gas.
The skyshark looks as sick as possible!
The skyshark bites you but does no damage.
The skyshark tail-slaps you but does no damage.
The skyshark looks as sick as possible!
The skyshark bites you.
* * * LOW HITPOINT WARNING * * *
You block the skyshark's attack.
The polar bear is engulfed in poison gas.
The polar bear is poisoned.
Use which ability? (? or * to list) [a] - 435 gold - haste and heal wounds [b] - 220 gold - heal wounds and berserk rage [c] - 750 gold - resistance, might, curing and magic Purchase which effect?
You no longer have enough gold to fund merchants seeking to open stores in the dungeon.
You feel yourself speed up.
You feel much better.
The skyshark looks as sick as possible!
The skyshark bites you!!
The skyshark tail-slaps you but does no damage.
The skyshark is engulfed in poison gas.
The skyshark looks as sick as possible!
The skyshark bites you but does no damage.
You block the skyshark's attack.
The polar bear is engulfed in poison gas.
The polar bear looks even sicker.
The skyshark is engulfed in poison gas.
The skyshark looks as sick as possible!
The skyshark bites you!
* * * LOW HITPOINT WARNING * * *
The skyshark tail-slaps you but does no damage.
You barely miss the skyshark.
The skyshark is moderately wounded.
The skyshark is engulfed in poison gas.
The skyshark looks as sick as possible!
The skyshark bites you!
* * * LOW HITPOINT WARNING * * *
You block the skyshark's attack.
The polar bear is engulfed in poison gas.
The polar bear looks even sicker.
As you read the scroll of fear, it crumbles to dust.
You assume a fearsome visage.
The dream sheep looks frightened!
The dream sheep panics and turns to flee.
The dream sheep looks frightened!
The dream sheep bleats in terror.
The dream sheep looks frightened!
The dream sheep bleats in terror.
The dream sheep looks frightened!
The dream sheep is struck with panic!
The skyshark is unaffected.
The polar bear looks frightened!
The skyshark is engulfed in poison gas.
The skyshark looks as sick as possible!
The skyshark bites you!!
You die...
Your body crumbles into a pile of gold.

......Y........# #.
....§§§.§§§.§§.# ### #####
....§§#YY§§.§§.###§#####.###
....§§YY§☼§#§##§#§§.........
....§§§☼§§☼§§§§§§§☼......#.#
P...§§§§§§§§☼§§§§§§.........
....§§§§§.h§§☼§§§§§.......⌠.
....§§§§§§l§§§§§☼§§.....#...
#..§§§§§§§@☼§§##........#..
.§☼§P§§§#☼§§##..PP.#.###.
#§§§§§###§§##..P....##.##
#§§§§. #§§§§......P###.#
#§§§. §§§§# #......... P§§..
§§☼§§§.........# #§..
§§§§PP§......##. ##..
§§§§§§§....#.#..
....#.#.....


You could see a skyshark (berserk, extremely poisoned), a polar bear (fleeing,
very poisoned) and 4 dream sheep.

Vanquished Creatures
  Harold (D:9)
  Erica (D:10)
  A catoblepas (Lair:1)
  2 boulder beetles (D:11)
  4 two-headed ogres
  A harpy (Lair:2)
  A cyclops (D:7)
  Maurice (D:11)
  3 black mambas
  Maggie (D:9)
  A gargoyle (D:11)
  4 cane toads (Lair:1)
  A komodo dragon (Lair:1)
  A polar bear (Lair:3)
  2 hornets
  A shadow (D:7)
  3 wraiths
  26 yaks
  Grum (D:9)
  2 steam dragons
  A basilisk (Lair:1)
  6 water moccasins
  2 ice beasts
  4 orc warriors
  4 ogres
  6 centaurs
  10 wolves
  Blork the orc (D:4)
  13 bullfrogs
  3 necrophages (D:7)
  A kobold brigand (D:8)
  3 gnoll sergeants
  4 scorpions
  11 wights
  10 killer bees
  6 howler monkeys
  4 orc priests
  2 jellies
  A gnoll bouda (D:7)
  6 hounds
  An iguana (D:5)
  8 orc wizards
  11 adders
  13 gnolls
  7 river rats (Sewer)
  4 white imps
  5 ufetubi
  4 worms
  2 dart slugs
  26 orcs
  11 ball pythons
  2 bat skeletons (D:2)
  10 endoplasms
  3 giant cockroaches
  9 goblins
  6 hobgoblins
  4 jackals
  7 quokkas
  A ball python skeleton (D:2)
  17 bats
  5 frilled lizards
  17 kobolds
  2 quokka zombies (D:2)
  14 rats
345 creatures vanquished.

Vanquished Creatures (others)
  A butterfly (D:4)
  A fungus (Lair:3)
  10 plants
  8 withered plants (D:2)
20 creatures vanquished.

Grand Total: 365 creatures vanquished

Notes
Turn   | Place    | Note
-------+----------+-------------------------------------------
     0 | D:1      | Ge0ff the Minotaur Warper began the quest for the Orb.
     0 | D:1      | Reached XP level 1. HP: 18/18 MP: 1/1
   197 | D:1      | Found Zameteuz's Antique Weapon Boutique.
   205 | D:1      | Reached skill level 3 in Axes
   230 | D:1      | Found Geoniy's Magic Scroll Emporium.
   230 | D:1      | Found Xoufuer's Antique Armour Shoppe.
   232 | D:1      | Reached XP level 2. HP: 25/25 MP: 3/3
   329 | D:1      | Found Oqeif's Magic Scroll Shoppe.
   523 | D:1      | Bought a war axe for 80 gold pieces
   529 | D:1      | Bought a scroll of identify for 28 gold pieces
   924 | D:2      | Reached XP level 3. HP: 29/31 MP: 4/4
  1108 | D:2      | Reached skill level 4 in Axes
  1138 | D:2      | Found a bloodstained altar of Trog.
  1315 | D:2      | Reached XP level 4. HP: 38/38 MP: 5/5
  1482 | D:3      | You fall into a shaft and drop 1 floor!
  1503 | D:4      | Found a glowing drain.
  1537 | Sewer    | Entered a sewer
  1725 | Sewer    | Reached XP level 5. HP: 45/46 MP: 6/6
  1726 | Sewer    | Reached skill level 5 in Axes
  2422 | D:3      | Found an opulent altar of Gozag.
  2430 | D:3      | Became a worshipper of Gozag Ym Sagoz the Greedy
  2582 | D:3      | Found a sparkling altar of Nemelex Xobeh.
  2592 | D:3      | Reached XP level 6. HP: 53/53 MP: 7/7
  2708 | D:3      | Found a broken altar of Ashenzari.
  2852 | D:4      | Reached skill level 5 in Dodging
  2938 | D:4      | Got the Tractate on the Sizzling Dose
  2979 | D:4      | Reached skill level 6 in Axes
  3110 | D:4      | Found a blossoming altar of Fedhas.
  3144 | D:4      | Noticed Blork the orc
  3160 | D:4      | Killed Blork the orc
  3370 | D:4      | Reached skill level 5 in Fighting
  3385 | D:4      | Reached XP level 7. HP: 54/61 MP: 8/8
  3496 | D:4      | Found a white marble altar of Elyvilon.
  3638 | D:4      | Found a glowing silver altar of Zin.
  3715 | D:4      | Found a shimmering blue altar of Sif Muna.
  3819 | D:5      | Entered Level 5 of the Dungeon
  3853 | D:5      | Found a stormy altar of Qazlal.
  3944 | D:5      | Identified a scroll of acquirement
  3944 | D:5      | Acquired 749 gold pieces
  4115 | D:5      | Reached skill level 7 in Axes
  4145 | D:5      | Reached skill level 1 in Shields
  4287 | D:5      | Found a staircase to the Ecumenical Temple.
  4324 | D:5      | Reached skill level 1 in Evocations
  4437 | D:5      | Found an iron altar of Okawaru.
  4682 | D:1      | Bought a pair of glowing boots for 135 gold pieces
  4682 | D:1      | Bought a runed scale mail for 126 gold pieces
  4707 | D:1      | Bought a scroll of magic mapping for 105 gold pieces
  4707 | D:1      | Bought a scroll of enchant weapon for 105 gold pieces
  4743 | D:1      | Bought a scroll of poison for 56 gold pieces
  4743 | D:1      | Bought a scroll of immolation for 56 gold pieces
  4743 | D:1      | Bought 3 scrolls of teleportation for 126 gold pieces
  4871 | D:6      | Reached XP level 8. HP: 70/70 MP: 9/9
  4874 | D:6      | Reached skill level 8 in Axes
  5428 | D:6      | Found a large runed translucent door.
  5429 | D:6      | Found a large runed translucent door.
  5683 | D:6      | Found Haida's Dragon-Slaying Spoils.
  5899 | D:6      | Reached skill level 9 in Axes
  5974 | D:6      | Found a snail-covered altar of Cheibriados.
  5977 | D:6      | Found a hide-covered altar of Uskayaw.
  6018 | D:7      | Reached skill level 5 in Armour
  6029 | D:7      | Found a sacrificial altar of Ru.
  6379 | D:7      | Reached XP level 9. HP: 69/78 MP: 10/10
  6971 | D:7      | Reached skill level 10 in Axes
  7014 | D:7      | Reached skill level 5 in Shields
  7174 | D:7      | Noticed a cyclops
  7190 | D:7      | Killed a cyclops
  7473 | D:7      | Reached skill level 11 in Axes
  7679 | D:7      | Learned a level 2 spell: Blink
  7714 | D:8      | Found a bloodstained altar of Trog.
  7727 | D:8      | Reached XP level 10. HP: 81/87 MP: 11/11
  7861 | D:8      | Found a staircase to the Lair.
  8072 | D:8      | Found an ornate altar of the Wu Jian Council.
  8656 | D:9      | Reached skill level 12 in Axes
  8656 | D:9      | Reached skill level 5 in Evocations
  8708 | D:9      | Noticed Maggie
  8721 | D:9      | Killed Maggie
  8746 | D:9      | Noticed Grum
  8765 | D:9      | Killed Grum
  8874 | D:9      | Noticed Harold
  8892 | D:9      | Killed Harold
  9179 | D:9      | Noticed a two-headed ogre
  9185 | D:9      | Killed a two-headed ogre
  9186 | D:9      | Reached XP level 11. HP: 97/97 MP: 12/12
  9207 | D:9      | Noticed a two-headed ogre
  9215 | D:9      | Killed a two-headed ogre
  9330 | D:10     | Entered Level 10 of the Dungeon
  9340 | D:10     | Found a staircase to the Orcish Mines.
  9408 | D:10     | Reached skill level 13 in Axes
  9457 | D:10     | Paralysed by a hornet for 2 turns
  9623 | D:10     | Noticed Erica
  9636 | D:10     | Killed Erica
  9896 | D:10     | Found a hazy altar of Hepliaklqana.
 10083 | D:11     | Noticed a boulder beetle
 10094 | D:11     | Killed a boulder beetle
 10288 | D:11     | Found a radiant altar of Vehumet.
 10386 | D:11     | Noticed Maurice
 10413 | D:11     | Killed Maurice
 10414 | D:11     | Reached skill level 10 in Fighting
 10473 | D:11     | Noticed a boulder beetle
 10487 | D:11     | Killed a boulder beetle
 10595 | D:11     | Reached skill level 14 in Axes
 10600 | D:11     | Identified the +3 mace "Xylarch" {freeze, rPois rN+ Dex-3
                  | SInv}
 10642 | D:11     | Noticed a two-headed ogre
 10651 | D:11     | Killed a two-headed ogre
 10815 | D:11     | Noticed a two-headed ogre
 10822 | D:11     | Killed a two-headed ogre
 11032 | Lair:1   | Entered Level 1 of the Lair of Beasts
 11191 | D:1      | Bought a scroll of identify for 28 gold pieces
 11191 | D:1      | Bought a scroll of identify for 28 gold pieces
 11228 | D:1      | Bought a scroll of identify for 28 gold pieces
 11228 | D:1      | Bought a scroll of teleportation for 42 gold pieces
 11228 | D:1      | Bought a scroll of magic mapping for 105 gold pieces
 11357 | D:6      | Bought +1 gold dragon scales for 1305 gold pieces
 11541 | Lair:1   | Noticed a catoblepas
 11642 | Lair:1   | Killed a catoblepas
 11643 | Lair:1   | Reached XP level 12. HP: 52/110 MP: 13/13
 11826 | Lair:1   | Reached skill level 10 in Armour
 12461 | Lair:2   | Found a staircase to the Shoals.
 12747 | Lair:2   | You are sucked into a shaft and drop 1 floor!
 12864 | Lair:3   | Slain by a skyshark

Illustrated notes

Levels and vault maps discovered:
D:1:      sevenhm_arrival_forest_fort_small_4, layout_rooms, serial_shops,
          nicolae_square_shop, nicolae_shop_window_shopping, shop, shop_coins,
          minivault_25
D:2:      layout_loops_ring, basic_altar, serial_undead, serial_undead_b,
          serial_undead_a, serial_undead_f, serial_undead_e, serial_undead_e,
          serial_undead_b
D:3:      layout_rooms, nemelex_xobeh_ov_fountains_minmay,
          grunt_gozag_breadcrumbs, marbit_many_paths
D:4:      layout_basic, zin_statuary, nicolae_elyvilon_peaceful_grove,
          led_sif_pool, kennysheep_little_box, portal_sewer_entry_c,
          uniq_blork_the_orc
D:5:      layout_gridville, kennysheep_mini_moat, mainiacjoe_overflow_24_doors,
          minmay_temple_entry_gardened_gates
D:6:      layout_cave_pools, jmf_multi_god_temple2, nicolae_shop_dragon_depot,
          nicolae_grassy_gnolls
D:7:      kennysheep_windowed_halls, layout_basic,
          nicolae_ru_great_annihilating_truth
D:8:      layout_loops_cross, nzn_wu_jian_contemplation,
          mainiacjoe_overflow_tiny_flanked, lair_entry_dummy
D:9:      layout_roguey, uniq_grum, uniq_harold, uniq_maggie
D:10:     layout_irregular_city, mainiacjoe_overflow_alcove_4, orc_0_dummy,
          minmay_curled_crystal, uniq_erica
D:11:     layout_basic, nicolae_vehumet_radiance, uniq_maurice
Lair:1:   layout_cave_pods, beast_lair_carwin_11, grunt_megastairs_5
Lair:2:   layout_misc_corridors, nicolae_shoals_entry_roost,
          guppyfry_snake_entry_island
Lair:3:   layout_gridlike, grunt_megastairs_4

Skill      XL: |  1  2  3  4  5  6  7  8  9 10 11 12 |
---------------+-------------------------------------+-----
Axes           | 3 4 5 6 7 9 11 12 14 | 14.5
Fighting       | 3 4 5 6 7 9 11 12 | 12.7
Dodging        | 3 4 5 6 |  6.8
Armour         | 2 3 5 6 8 9 10 | 10.6
Shields        | 2 4 5 7 9 |  9.8
Evocations     | 1 3 4 5 |  5.0
Throwing       | |  1.0
Spellcasting   | |  1.3
Translocations | |  2.1

Action                     |  1- 3 |  4- 6 |  7- 9 | 10-12 || total
---------------------------+-------+-------+-------+-------++-------
  Melee: Hand axe          |    17 |       |       |       ||    17
         Headbutt          |    14 |    24 |    59 |   121 ||   218
         War axe           |    55 |   185 |   310 |   478 ||  1028
         Punch             |       |     2 |       |       ||     2
  Throw: Boomerang         |       |       |    20 |     7 ||    27
         Throwing net      |       |       |       |     3 ||     3
         Dart              |       |       |       |     9 ||     9
 Invoke: Potion Petition   |       |       |       |     1 ||     1
  Evoke: Wand              |       |       |       |    12 ||    12
    Use: Scroll            |    12 |     5 |     5 |    12 ||    34
         Potion            |       |     3 |     1 |     5 ||     9
   Stab: Paralysed         |       |       |     1 |       ||     1
         Petrified         |       |       |       |     2 ||     2
         Held in net/web   |       |       |       |     1 ||     1
         Distracted        |       |       |       |     1 ||     1
 Armour: Leather armour    |    26 |    85 |       |       ||   111
         Ring mail         |       |     3 |    38 |       ||    41
         Scale mail        |       |       |   126 |   107 ||   233
         Gold dragon scale |       |       |       |   122 ||   122
  Dodge: Dodged            |    48 |   145 |   131 |   114 ||   438
  Block: Kite shield       |       |       |   129 |   230 ||   359

Table legend: (Time is in decaauts)
 A = Elapsed time spent in this place.
 B = Non-inter-level travel time spent in this place.
 C = Inter-level travel time spent in this place.
 D = Time resting spent in this place.
 E = Time spent auto-exploring this place.
 F = Levels seen in this place.
 G = Mean time per level.
                   A        B        C        D        E       F      G
               +--------+--------+--------+--------+--------+-----+--------+
         Total |  13198 |  12250 |    948 |    246 |   8927 |  15 |  879.9 |
       Dungeon |  10883 |   9951 |    932 |    147 |   7535 |  11 |  989.4 |
          Lair |   1412 |   1396 |     16 |     99 |    881 |   3 |  470.7 |
         Sewer |    902 |    902 |      0 |      0 |    511 |   1 |  902.0 |
               +--------+--------+--------+--------+--------+-----+--------+

Top non-repeatable levels by time:
     D:7: 1755 daAuts
     D:6: 1371 daAuts
     D:4: 1161 daAuts
  Lair:1: 1017 daAuts
     D:1: 1006 daAuts
    D:11: 981 daAuts
     D:9: 915 daAuts
   Sewer: 902 daAuts
     D:5: 853 daAuts
     D:8: 796 daAuts
     D:2: 777 daAuts
    D:10: 668 daAuts
     D:3: 596 daAuts
  Lair:2: 281 daAuts
  Lair:3: 112 daAuts
